 Dungeon Crawl Stone Soup version 0.20.0-8-g6b59dc7 (webtiles) character file.

257 MTVSty1e the Ruffian (level 5, 0/45 HPs)
             Began as a Draconian Transmuter on June 2, 2017.
             Slain by an orc
             ... wielding a +0 flail
              (2 damage)
             ... on level 4 of the Dungeon.
             The game lasted 00:05:55 (3767 turns).

MTVSty1e the Ruffian (Draconian Transmuter)         Turns: 3767, Time: 00:05:56

Health: 0/45       AC:  8    Str: 13    XL:     5   Next: 93%
Magic:  1/8        EV: 12    Int: 14    God:
Gold:   107        SH:  0    Dex: 11    Spells: 3/8 levels left

rFire    . . .     SeeInvis .     - Unarmed
rCold    . . .     Gourm    .   (no shield)
rNeg     + . .     Faith    .   (armour unavailable)
rPois    .         Spirit   .   (helmet restricted)
rElec    .         Reflect  .   p - +0 cloak
rCorr    .         Harm     .   m - +1 pair of gloves
MR       .....                  (no boots)
Stlth    ++........             (no amulet)
Regen    0.2/turn               h - ring of positive energy
MPRegen  0.2/turn               g - ring of stealth

@: appendage, very slightly contaminated
A: unfitting armour, horns 2, cold-blooded, AC +5
a: End Transformation


You were on level 4 of the Dungeon.
You were not hungry.
You had grown temporary horns.
You visited 1 branch of the dungeon, and saw 6 of its levels.

You collected 107 gold pieces.

Inventory:

Missiles
 a - 38 arrows
Armour
 m - a +1 pair of gloves (worn)
 p - a +0 cloak (worn)
Jewellery
 g - a ring of stealth (right hand)
 h - a ring of positive energy (left hand)
Scrolls
 d - a scroll of remove curse
 f - a scroll of fear
 i - a scroll of fog {unknown}
 l - a scroll of random uselessness {unknown}
 n - 2 scrolls of enchant armour
 q - a scroll of enchant weapon
Potions
 e - a potion of mutation
 j - a potion of degeneration {unknown}
 k - a potion of flight
 o - a potion of curing {unknown}
 r - a potion of magic {unknown}
Books
 b - a book of Changes

   Spells                             Type                      Level
   a - Beastly Appendage              Transmutation                1
   b - Sticks to Snakes               Transmutation                2
   c - Spider Form                    Transmutation/Poison         3
   d - Ice Form                       Ice/Transmutation            4
   e - Blade Hands                    Transmutation                5
Comestibles
 c - 3 bread rations


   Skills:
 + Level 3.4 Fighting
 - Level 1.7 Dodging
 * Level 5.0 Unarmed Combat
 - Level 2.0 Spellcasting
 * Level 3.6 Transmutations


You had 3 spell levels left.
You knew the following spells:

 Your Spells              Type           Power        Failure   Level  Hunger
a - Beastly Appendage     Tmut           ##....       5%          1    ##.....
b - Ice Form              Ice/Tmut       #.......     75%         4    #####..


Dungeon Overview and Level Annotations

Branches:
Dungeon (6/15)
 Temple: D:4-7

Altars:
Ashenzari
Sif Muna
Yredelemnul
Zin
The Shining One


Innate Abilities, Weirdness & Mutations

Your plain brown scales are hard. (AC +5)
You cannot fit into any form of body armour.
You are cold-blooded and may be slowed by cold attacks.
You have a pair of horns on your head.


Message History

You hit the iguana.
You tail-slap the iguana, but do no damage.
The iguana is severely wounded.
An orc wizard appears from thin air!
Reactivating autopickup.
The iguana bites you but does no damage.
The orc misses you. The orc closely misses you.
The orc wizard hits you but does no damage.
You punch the iguana!
You kill the iguana!
You feel sick.
You are no longer poisoned.
The orc closely misses you. The orc hits you with a flail.
* * * LOW HITPOINT WARNING * * *
The orc wizard hits you but does no damage.
Casting: Ice Form
Confirm with . or Enter, or press ? or * to list all spells.
You grow a pair of large bovine horns.
The orc hits you but does no damage. The orc hits you with a flail.
You die...

.......#..............#...o#
.......#.....##..##...####o#
.......#.....##..#######...#
.......#.....##..##...##..##
.......#...................#
.......#...................#
.......#+#######'###########
......ooo......
......o@.......
...............
...............
.......[.......
###+########+##


You could see an orc wizard and 3 orcs.

Vanquished Creatures
  An ogre (D:4)
  An iguana (D:4)
  A worker ant (D:4)
  5 adders
  3 worms (D:3)
  2 dart slugs
  3 leopard geckos
  4 orcs (D:3)
  A giant cockroach (D:2)
  8 goblins
  7 hobgoblins
  7 bats
  A frilled lizard (D:2)
  A jackal skeleton (D:3)
  9 kobolds
  2 quokka skeletons (D:3)
  8 rats
64 creatures vanquished.

Notes
Turn   | Place    | Note
-------+----------+-------------------------------------------
     0 | D:1      | MTVSty1e the Draconian Transmuter began the quest for the Orb.
     0 | D:1      | Reached XP level 1. HP: 16/16 MP: 3/3
   498 | D:1      | Reached XP level 2. HP: 14/23 MP: 5/5
  1487 | D:2      | Reached XP level 3. HP: 27/29 MP: 4/6
  1508 | D:2      | Found a deep blue altar of Sif Muna.
  1811 | D:2      | Reached skill level 4 in Unarmed Combat
  1851 | D:2      | Found a faded altar of an unknown god.
  1870 | D:2      | Found a glowing golden altar of the Shining One.
  1987 | D:2      | Found a shattered altar of Ashenzari.
  2240 | D:3      | Reached XP level 4. HP: 28/37 MP: 5/7
  2246 | D:3      | Learned a level 4 spell: Ice Form
  2415 | D:3      | Found a glowing silver altar of Zin.
  2886 | D:3      | Found a basalt altar of Yredelemnul.
  3348 | D:3      | You fall through a shaft for 3 floors!
  3422 | D:6      | Noticed a centaur
  3442 | D:5      | Entered Level 5 of the Dungeon
  3450 | D:4      | Noticed an ogre
  3469 | D:4      | Killed an ogre
  3469 | D:4      | Reached XP level 5. HP: 28/45 MP: 6/8
  3689 | D:4      | Reached skill level 5 in Unarmed Combat
  3766 | D:4      | HP: 2/45 [orc/flail (1)]
  3767 | D:4      | Slain by an orc

Skill      XL: |  1  2  3  4  5 |
---------------+----------------+-----
Fighting       | 2 3 |  3.4
Unarmed Combat | 4 5 |  5.0
Transmutations | 3 |  3.6
Dodging        | |  1.7
Spellcasting   | |  2.0

Action                   |  1- 3 |  4- 6 || total
-------------------------+-------+-------++-------
Melee: Unarmed           |   148 |   113 ||   261
       Tailslap          |    11 |    18 ||    29
       Headbutt          |     6 |     2 ||     8
       Kick              |     8 |     5 ||    13
 Cast: Beastly Appendage |    28 |    11 ||    39
  Use: Scroll            |     6 |     1 ||     7
 Stab: Sleeping          |     1 |     2 ||     3
  Eat: Bread ration      |     1 |       ||     1
       Fruit             |       |     2 ||     2
       Meat ration       |       |     1 ||     1
Armor: Skin              |    56 |    37 ||    93
Dodge: Dodged            |    92 |    88 ||   180
